 Dungeon Crawl Stone Soup version 0.19-a0-1827-g174f941 (webtiles) character file.

572 dobroeutro the Chopper (level 7, -6/62 HPs)
             Began as a Minotaur Fighter on Oct 7, 2016.
             Was an Initiate of Okawaru.
             Killed from afar by poirepourri's ghost (13 damage)
             ... with an orb of energy
             ... on level 5 of the Dungeon.
             The game lasted 00:03:29 (3029 turns).

dobroeutro the Chopper (Minotaur Fighter)           Turns: 3029, Time: 00:03:29

Health: -6/62      AC:  7    Str: 22    XL:     7   Next: 12%
Magic:  6/6        EV:  7    Int:  5    God:    Okawaru [......]
Gold:   229        SH: 11    Dex: 10    Spells: 0 memorised, 6 levels left

rFire  . . .     SeeInvis .     a - +0 war axe
rCold  . . .     Gourm    .     b - +0 scale mail
rNeg   . . .     Faith    .     c - +0 shield
rPois  .         Spirit   .     (helmet restricted)
rElec  .         Dismiss  .     (no cloak)
rCorr  .         Reflect  +     (no gloves)
MR     .....     Harm     .     (no boots)
Stlth  ..........               w - +2 amulet of reflection
                                (no ring)
                                (no ring)

@: no status effects
A: retaliatory headbutt, horns 2
a: Renounce Religion


You were on level 5 of the Dungeon.
You worshipped Okawaru.
Okawaru was noncommittal.
You were very hungry.

You visited 1 branch of the dungeon, and saw 5 of its levels.

You collected 229 gold pieces.

Inventory:

Hand Weapons
 a - a +0 war axe (weapon)
Armour
 b - a +0 scale mail (worn)
 c - a +0 shield (worn)
Jewellery
 u - an uncursed amulet of faith
 v - an uncursed ring of fire
 w - a +2 amulet of reflection (around neck)
Wands
 p - a wand of flame (31/48)
 q - a wand of slowing (20/48)
Scrolls
 g - a scroll of fog {unknown}
 i - 8 scrolls of identify {unknown}
 j - 2 scrolls of amnesia {unknown}
 k - 4 scrolls of remove curse {unknown}
 n - 3 scrolls of teleportation {unknown}
 o - a scroll of recharging {unknown}
 r - a scroll of fear {unknown}
 s - a scroll of immolation {unknown}
 y - a scroll of noise {unknown}
Potions
 d - 3 potions of might
 e - a potion of lignification {unknown}
 l - a potion of cancellation {unknown}
 t - a potion of heal wounds {unknown}
 x - a potion of degeneration {unknown}
 z - a potion of agility {unknown}
Comestibles
 f - 4 bread rations
 h - 2 beef jerkies
 m - 2 meat rations


   Skills:
 + Level 5.7 Fighting
 * Level 7.0 Axes
 + Level 5.7 Armour
 - Level 3.6 Shields


You had 6 spell levels left.
You didn't know any spells.

Dungeon Overview and Level Annotations

Branches:
Dungeon (5/15)
 Temple: D:4-7

Altars:
Okawaru
Uskayaw
Xom

Annotations:
D:5 poirepourri's ghost, novice DECj


Innate Abilities, Weirdness & Mutations

You reflexively headbutt those who attack you in melee.
You have a pair of horns on your head.


Message History

Poirepourri's ghost is nearby!
Poirepourri's ghost is nearby!
Poirepourri's ghost casts a spell at you.
The orb of energy hits you!
You see here a falchion.
There is an open door here.
You are feeling very hungry.
A jackal skeleton comes into view.
Poirepourri's ghost gestures at you while chanting.
The orb of energy hits you!
* * * LOW HITPOINT WARNING * * *
The jackal skeleton bites you but does no damage.
Poirepourri's ghost casts a spell at you.
The orb of energy hits the jackal skeleton.
The jackal skeleton is destroyed!
There is a stone staircase leading up, spattered with blood here.
Poirepourri's ghost wails, "You will join me soon!"
Poirepourri's ghost points at you and mumbles some strange words.
The orb of energy hits you!
You die...

##########>. #........#..
########## #..####.....
.........# #..# #..... .##..###.#
#..####....# .#...###.########
#..#......## ...........W....####
#..#.##..#.# .#...###.###.......#
#........#.. .##.## #.#
#.##.@#.###.##.###.### .##.####W#
#.##.###.##..[.....# .....W...#
#.#.## ##.####.##### ###'######
#.##.###.## #.# ##.).##
#.###>#.## #.# #.....## #.......#
#.### .......## ##.###.## ##.#.##
#
........####...##.######.....####
........+.......................'


You could see poirepourri's ghost.

Vanquished Creatures
  A phantom (D:4)
  A scorpion (D:4)
  A hound (D:4)
  3 orc wizards
  Natasha (twice) (D:2)
  5 worker ants
  6 adders
  2 oozes (D:4)
  A dart slug (D:2)
  A leopard gecko (D:3)
  9 orcs
  3 bats
  6 giant cockroaches
  7 goblins
  10 hobgoblins
  6 jackals
  7 kobolds
  2 quokkas (D:4)
  A ball python (D:1)
  A frilled lizard (D:3)
  A leopard gecko skeleton (D:4)
  A quokka skeleton (D:4)
  6 rats
83 creatures vanquished.

Vanquished Creatures (others)
  A jackal skeleton (D:5)
1 creature vanquished.

Grand Total: 84 creatures vanquished

Notes
Turn   | Place    | Note
-------+----------+-------------------------------------------
     0 | D:1      | dobroeutro the Minotaur Fighter began the quest for the Orb.
     0 | D:1      | Reached XP level 1. HP: 19/19 MP: 0/0
   278 | D:1      | Reached skill level 3 in Axes
   278 | D:1      | Reached XP level 2. HP: 24/27 MP: 1/1
   629 | D:2      | Found a shimmering altar of Xom.
   743 | D:2      | Reached XP level 3. HP: 29/33 MP: 2/2
  1085 | D:2      | Noticed Natasha
  1096 | D:2      | Killed Natasha
  1096 | D:2      | Reached skill level 4 in Axes
  1096 | D:2      | Reached XP level 4. HP: 21/40 MP: 3/3
  1097 | D:2      | Found an iron altar of Okawaru.
  1112 | D:2      | Became a worshipper of Warmaster Okawaru
  1307 | D:2      | Noticed Natasha
  1314 | D:2      | Killed Natasha
  1532 | D:3      | Reached XP level 5. HP: 47/47 MP: 4/4
  1603 | D:3      | Reached skill level 5 in Axes
  2030 | D:4      | Noticed a phantom
  2040 | D:4      | Reached skill level 5 in Armour
  2040 | D:4      | Reached skill level 5 in Fighting
  2046 | D:4      | Reached XP level 6. HP: 31/56 MP: 5/5
  2053 | D:4      | Reached skill level 6 in Axes
  2206 | D:4      | Reached * piety under Okawaru
  2254 | D:4      | Found a hide-covered altar of Uskayaw.
  2447 | D:4      | Reached XP level 7. HP: 61/61 MP: 6/6
  2497 | D:5      | Entered Level 5 of the Dungeon
  2559 | D:5      | Reached skill level 7 in Axes
  2667 | D:5      | Noticed poirepourri's ghost (novice DECj)
  3029 | D:5      | Killed from afar by poirepourri's ghost

Vault maps used:
D:1:      erik_arrival_triangle_large
D:2:      old_standard_altar, xom_teletrap_fun, first_bread,
          kennysheep_another_room, uniq_natasha
D:4:      old_standard_altar, hex_tiny
D:5:      fedhas_bush_and_centaur_altar

Skill      XL: |  1  2  3  4  5  6  7 |
---------------+----------------------+-----
Axes           | 3 4 5 6 7 |  7.0
Armour         | 4 5 |  5.7
Fighting       | 4 5 |  5.7
Shields        | |  3.6

Action                   |  1- 3 |  4- 6 |  7- 9 || total
-------------------------+-------+-------+-------++-------
Melee: War axe           |    76 |   123 |    18 ||   217
       Headbutt          |     7 |    25 |       ||    32
  Eat: Chunk             |       |     5 |     1 ||     6
Armor: Scale mail        |    46 |    49 |     3 ||    98
Dodge: Dodged            |    24 |    38 |     2 ||    64
Block: Shield            |    33 |    77 |    10 ||   120
